 Dungeon Crawl Stone Soup version 0.19-a0-1277-g7cecae3 (webtiles) character file.

3366 MrRokkomies the Nimble (level 9, -3/38 HPs)
             Began as a Felid Wizard on Aug 30, 2016.
             Was a Believer of Hepliaklqana.
             Slain by a wraith (6 damage)
             ... led by Josephine
             ... on level 10 of the Dungeon.
             The game lasted 00:49:07 (14261 turns).

MrRokkomies the Nimble (Felid Wizard)              Turns: 14261, Time: 00:49:07

Health: -3/38      AC:  2    Str:  6    XL:     9   Next: 73%
Magic:  13/16      EV: 26    Int: 19    God:    Hepliaklqana [**....]
Gold:   508        SH:  0    Dex: 18    Spells: 6 memorised, 3 levels left
                                        Lives:  0   Deaths: 2

rFire  x . .     SeeInvis +       - Unarmed
rCold  + . .     Gourm    .     (armour unavailable)
rNeg   . . .     Faith    .     (shield unavailable)
rPois  .         Spirit   .     (helmet unavailable)
rElec  .         Dismiss  .     (cloak unavailable)
rCorr  .         Reflect  .     (gloves unavailable)
MR     +....     Harm     .     (boots unavailable)
Stlth  ++++......               (no amulet)
                                y - ring of ice
                                f - +3 ring of strength

@: very slightly contaminated, repel missiles, drained, quick
A: no armour, no weapons or thrown items, claws 1, fangs 3, see invisible,
carnivore 3, speed 1, shaggy fur 2, slow metabolism 1, sharp paws
a: Recall Ancestor, Ancestor Identity, Renounce Religion


You were on level 10 of the Dungeon.
You worshipped Hepliaklqana.
Hepliaklqana was pleased with you.
You were not hungry.

You visited 2 branches of the dungeon, and saw 11 of its levels.

You collected 508 gold pieces.

Inventory:

Jewellery
 f - a +3 ring of strength (left paw)
 y - a ring of ice (right paw)
Wands
 i - a wand of disintegration (7/24)
 s - a wand of teleportation (2/9)
 w - a wand of flame (14/48)
 x - a wand of heal wounds (5/9)
Scrolls
 d - 2 scrolls of remove curse
 k - a scroll of blinking
 n - a scroll of enchant armour
 r - 2 scrolls of identify
 u - 2 scrolls of fog
 v - a scroll of recharging
Potions
 e - 3 potions of cure mutation
 g - a potion of magic
 h - 2 potions of lignification {unknown}
 j - a potion of cancellation {unknown}
 o - 2 potions of invisibility {unknown}
 p - 4 potions of flight {unknown}
 t - a potion of heal wounds
Books
 a - a book of Minor Magic

   Spells                             Type                      Level
   a - Magic Dart                     Conjuration                  1
   b - Blink                          Translocation                2
   c - Call Imp                       Summoning                    2
   d - Repel Missiles                 Charms/Air                   2
   e - Slow                           Hexes                        2
   f - Conjure Flame                  Conjuration/Fire             3
   g - Mephitic Cloud                 Conjuration/Poison/Air       3
 q - a book of Ice

   Spells                             Type                      Level
   a - Ice Form                       Ice/Transmutation            4
   b - Metabolic Englaciation         Hexes/Ice                    5
   c - Ozocubu's Refrigeration        Ice                          6
   d - Bolt of Cold                   Conjuration/Ice              6
   e - Freezing Cloud                 Conjuration/Ice/Air          6
   f - Simulacrum                     Ice/Necromancy               6
Comestibles
 b - 3 meat rations
 c - a slice of pizza
 m - a beef jerky
 z - 10 royal jellies


   Skills:
 - Level 7.0(6.3) Fighting
 - Level 10.1(9.4) Dodging
 - Level 6.0(5.3) Stealth
 - Level 5.0(4.3) Unarmed Combat
 - Level 4.2(3.6) Spellcasting
 - Level 5.1(4.5) Conjurations
 - Level 5.0(4.3) Summonings
 - Level 1.5(0.9) Translocations
 * Level 1.3(0.7) Air Magic
 * Level 1.5(1.0) Poison Magic


You had 3 spell levels left.
You knew the following spells:

 Your Spells              Type           Power        Failure   Level  Hunger
a - Magic Dart            Conj           ###.         2%          1    None
b - Blink                 Tloc           N/A          17%         2    ##.....
c - Call Imp              Summ           ###.....     4%          2    ##.....
d - Repel Missiles        Chrm/Air       #.....       21%         2    ##.....
e - Mephitic Cloud        Conj/Pois/Air  ##......     21%         3    ###....
f - Conjure Flame         Conj/Fire      ##......     17%         3    ###....


Dungeon Overview and Level Annotations

Branches:
Dungeon (10/15)            Temple (1/1) D:6             Orc (0/2) D:9
   Lair: D:8-11

Altars:
Ashenzari
Cheibriados
Dithmenos
Elyvilon
Fedhas
Gozag
Hepliaklqana
Kikubaaqudgha
Makhleb
Nemelex Xobeh
Okawaru
Qazlal
Ru
Sif Muna
Trog
Uskayaw
Vehumet
Xom
Yredelemnul
Zin
The Shining One

Annotations:
D:2 Sigmund
D:5 Menkaure
D:8 Deemzul's ghost, novice DsBe
D:10 Fannar; Hanibal's ghost, novice TrMo; Josephine


Innate Abilities, Weirdness & Mutations

You cannot wear armour.
You are incapable of wielding weapons or throwing items.
You have sharp claws.
You have razor-sharp teeth.
You have supernaturally acute eyesight. (SInv)
You are carnivorous and can eat meat at any time.
You cover ground quickly.
You are covered in thick fur. (AC +2)
You have a slow metabolism.
Your sharp claws are effective at attacking unaware monsters.


Message History

The wraith closely misses you.
You scratch Josephine but do no damage.
Josephine is engulfed in noxious fumes.
Josephine gestures at you while chanting.
The ghostly flame explodes!
The ghostly fireball engulfs you!
You feel drained.
Ouch! That really hurt!
* * * LOW HITPOINT WARNING * * *
The ghostly fireball engulfs Josephine.
Josephine completely resists.
The ghostly fireball engulfs the wraith.
The wraith completely resists.
Hanibal's ghost hits your crimson imp!!
Your crimson imp dies!
The wraith completely misses you.
You hear a shout!
Blink to where?
Press: ? - help, Dir - move target cursor, p - Josephine You are very lightly contaminated with residual magic.
As you read the scroll of blinking, it crumbles to dust.
Josephine is engulfed in noxious fumes.
The ogre closely misses you. The wraith misses you. The wraith hits you.
You die...

#J.# #.#
#..O......W# #.#
#..# #.#
#..........# #W#
#..# #.#
#..#####...# #n#
#..# #.# #..#
#...# #5#
#.J#####.# #..#
#...# #.#
#........# #..#
#...# #.#
#..#####.#####..#
#..[# #5# #..#
#..(.OWW.# ...#
#.# #..#
#..JW.@..# #. #5#
...# #..####..#
#...###.# ....#
#..# ..#
#......W# .....#
#..# ..#
#...###.# ......
#@.# ..# #. #W#
#.W# ..# #n# #..#
..# #5# #..# ..#
#.# #..# #R#


You could see 2 wraiths, an ogre, a jelly and Hanibal's ghost.

Vanquished Creatures
  Erica (D:8)
  Joseph (D:8)
  A troll (D:9)
  A hungry ghost (D:8)
  Duvessa (D:5)
  An ice beast (D:7)
  3 black bears
  2 sky beasts
  6 ogres
  6 centaurs
  A gnoll sergeant (D:6)
  A giant frog (D:8)
  2 scorpions
  Dowan (D:5)
  A howler monkey (D:5)
  A centaur zombie (D:10)
  4 crimson imps
  A giant frog zombie (D:5)
  2 giant frog skeletons (D:9)
  2 hounds
  4 jellies
  2 orc priests
  A gnoll shaman (D:6)
  4 orc wizards
  3 iguanas
  3 worker ants
  26 gnolls
  5 adders
  2 shadow imps
  6 oozes
  An adder zombie (D:9)
  2 adder skeletons
  2 worms (D:3)
  2 dart slugs
  6 giant geckos
  35 orcs
  A ball python (D:3)
  11 bats
  6 giant cockroaches
  14 goblins
  7 hobgoblins
  9 jackals
  5 kobolds
  3 quokkas
  A giant cockroach zombie (D:5)
  14 giant newts
  A quokka skeleton (D:4)
  11 rats
226 creatures vanquished.

Vanquished Creatures (collateral kills)
  A wraith (D:7)
  A giant frog (D:8)
  A crimson imp (D:4)
  Jessica (D:2)
  2 worker ants (D:4)
  2 adders (D:3)
  A gnoll (D:4)
  2 oozes (D:9)
  A worm (D:2)
  A giant gecko (D:9)
  2 orcs (D:8)
  3 jackals
18 creatures vanquished.

Vanquished Creatures (others)
  3 ancestors (D:9)
  2 hexers (D:10)
5 creatures vanquished.

Grand Total: 249 creatures vanquished

Notes
Turn   | Place    | Note
-------+----------+-------------------------------------------
     0 | D:1      | MrRokkomies the Felid Wizard began the quest for the Orb.
     0 | D:1      | Reached XP level 1. HP: 7/7 MP: 5/5
    44 | D:1      | Reached skill level 1 in Conjurations
    84 | D:1      | Reached skill level 1 in Unarmed Combat
   378 | D:1      | Reached XP level 2. HP: 11/11 MP: 0/7
  1179 | D:1      | Reached XP level 3. HP: 11/14 MP: 0/8
  1368 | D:1      | Learned a level 2 spell: Blink
  1371 | D:1      | Learned a level 2 spell: Call Imp
  1374 | D:1      | Learned a level 2 spell: Repel Missiles
  1986 | D:2      | Noticed Jessica
  2029 | D:2      | Killed Jessica
  2690 | D:2      | Noticed Sigmund
  3100 | D:2      | Reached XP level 4. HP: 14/18 MP: 1/9
  4632 | D:3      | Reached XP level 5. HP: 14/21 MP: 4/10
  4643 | D:3      | Learned a level 3 spell: Mephitic Cloud
  6292 | D:4      | Noticed an ogre
  6301 | D:4      | Killed an ogre
  6301 | D:4      | Gained mutation: You are covered in thick fur. (AC +2) [Felid growth]
  6301 | D:4      | Reached XP level 6. HP: 24/24 MP: 3/11
  6999 | D:4      | Reached skill level 5 in Unarmed Combat
  7278 | D:4      | Reached XP level 7. HP: 27/27 MP: 8/12
  7385 | D:5      | Entered Level 5 of the Dungeon
  7385 | D:5      | Noticed Duvessa
  7385 | D:5      | Noticed Dowan
  7672 | D:5      | Slain by Duvessa
  7673 | D:5      | Reached XP level 6. HP: 0/24 MP: 4/11
  7819 | D:5      | Reached skill level 5 in Conjurations
  7854 | D:5      | Killed Dowan
  7954 | D:5      | Killed Duvessa
  7954 | D:5      | Reached skill level 5 in Stealth
  7954 | D:5      | Reached XP level 7. HP: 27/27 MP: 5/12
  8651 | D:5      | Reached skill level 3 in Dodging
  8816 | D:5      | Found a glowing silver altar of Zin.
  8820 | D:5      | Noticed Menkaure
  9032 | D:6      | Reached skill level 4 in Dodging
  9508 | D:6      | Reached skill level 5 in Dodging
  9508 | D:6      | Reached XP level 8. HP: 27/31 MP: 13/13
  9594 | D:6      | Found a shattered altar of Ashenzari.
  9715 | D:6      | Found a staircase to the Ecumenical Temple.
  9726 | Temple   | Entered the Ecumenical Temple
 10142 | D:6      | Reached skill level 6 in Dodging
 10142 | D:6      | Reached skill level 5 in Summonings
 10234 | D:6      | Reached skill level 1 in Fighting
 10523 | D:6      | Reached skill level 7 in Dodging
 11016 | D:7      | Reached skill level 8 in Dodging
 11016 | D:7      | Reached XP level 9. HP: 23/38 MP: 3/14
 11874 | D:8      | Noticed Erica
 11920 | D:8      | Slain by Erica
 11921 | D:8      | Reached XP level 8. HP: -4/36 MP: 8/13
 12052 | D:8      | Killed Erica
 12052 | D:8      | Reached skill level 5 in Fighting
 12052 | D:8      | Reached skill level 9 in Dodging
 12169 | D:8      | Noticed Deemzul's ghost (novice DsBe)
 12307 | D:8      | Found a radiant altar of Vehumet.
 12309 | D:8      | Noticed Joseph
 12322 | D:8      | Killed Joseph
 12322 | D:8      | Reached skill level 10 in Dodging
 12322 | D:8      | Reached XP level 9. HP: 41/41 MP: 8/14
 12365 | D:8      | Found a hazy altar of Hepliaklqana.
 12370 | D:8      | Found an opulent altar of Gozag.
 12373 | D:8      | Found a blossoming altar of Fedhas.
 12379 | D:8      | Found a deep blue altar of Sif Muna.
 12383 | D:8      | Found a shadowy altar of Dithmenos.
 12387 | D:8      | Found an ancient bone altar of Kikubaaqudgha.
 12419 | D:8      | Became a worshipper of Hepliaklqana
 13312 | D:9      | Noticed a troll
 13337 | D:9      | Killed a troll
 13351 | D:9      | Reached * piety under Hepliaklqana
 13444 | D:9      | Found a staircase to the Orcish Mines.
 13632 | D:9      | Reached skill level 1 in Poison Magic
 13641 | D:9      | Reached skill level 1 in Air Magic
 13673 | D:9      | Learned a level 3 spell: Conjure Flame
 13918 | D:9      | Noticed a catoblepas
 13967 | D:10     | Entered Level 10 of the Dungeon
 14058 | D:10     | Reached ** piety under Hepliaklqana
 14059 | D:10     | Remembered your ancestor Sosibius as a hexer
 14060 | D:10     | Noticed Fannar
 14165 | D:10     | Noticed Hanibal's ghost (novice TrMo)
 14174 | D:10     | Noticed Josephine
 14261 | D:10     | Slain by a wraith

Vault maps used:
D:1:      dpeg_arrival_pits
D:2:      kennysheep_big_flooded_room, uniq_sigmund, uniq_jessica
D:3:      st_stairs_10
D:5:      nicolae_overflow_crystal_walls, first_bread, uniq_menkaure,
          uniq_duvessa
D:6:      ashenzari_altar_1
D:8:      grunt_temple_overflow_octagram, uniq_joseph, uniq_erica
D:9:      orc_0_dummy, hangedman_little_slice_of_home
D:10:     lair_0_dummy, uniq_josephine, uniq_urug, uniq_fannar
Temple:   cyrus_circular_temple

Skill      XL: |  1  2  3  4  5  6  7  8  9 |
---------------+----------------------------+-----
Conjurations   | 1 2 3 5 |  5.1
Unarmed Combat | 1 2 3 4 5 |  5.0
Stealth        | 5 6 |  6.0
Summonings     | 2 4 5 |  5.0
Dodging        | 5 10 | 10.1
Fighting       | 6 7 |  7.0
Spellcasting   | 4 |  4.2
Poison Magic   | 1 |  1.5
Air Magic      | 1 |  1.3
Translocations | |  1.5

Action                   |  1- 3 |  4- 6 |  7- 9 || total
-------------------------+-------+-------+-------++-------
Melee: Unarmed           |    85 |   155 |   324 ||   564
       Bite              |     6 |    11 |    34 ||    51
       Punch             |       |     2 |     8 ||    10
 Cast: Magic Dart        |    77 |   160 |   168 ||   405
       Call Imp          |     3 |    18 |    18 ||    39
       Repel Missiles    |     1 |       |     6 ||     7
       Blink             |       |     1 |     3 ||     4
       Mephitic Cloud    |       |    10 |    47 ||    57
       Conjure Flame     |       |       |     1 ||     1
Invok: Recall Ancestor   |       |       |     1 ||     1
       Ancestor Life: He |       |       |     1 ||     1
Evoke: Wand              |       |       |     1 ||     1
  Use: Scroll            |     3 |     3 |    10 ||    16
       Potion            |       |     1 |     1 ||     2
 Stab: Sleeping          |     7 |     1 |     9 ||    17
       Confused          |       |    12 |    25 ||    37
  Eat: Chunk             |     5 |    17 |    25 ||    47
Armor: Skin              |    10 |     9 |     7 ||    26
Dodge: Dodged            |    79 |   130 |   293 ||   502
       Deflected         |       |     2 |    10 ||    12
